 Dungeon Crawl Stone Soup version 0.28-a0-8-g6e044cfa68 (webtiles) character file.

Game seed: 8329415489445216460

197780 sizableburger the Bringer of Law (level 18, -17/144 (145) HPs)
             Began as a Hill Orc Fire Elementalist on July 24, 2021.
             Was the Champion of Zin.
             Demolished by a bog body (20 damage)
             ... on level 2 of the Swamp on July 25, 2021.
             The game lasted 02:42:58 (57908 turns).

sizableburger the Bringer of Law (HOFE)            Turns: 57908, Time: 02:42:59

HP:   -17/144 (145) AC: 18    Str: 13    XL:     18   Next: 86%
MP:   0/33          EV: 11    Int: 21    God:    Zin [******]
Gold: 1978          SH: 11    Dex: 11    Spells: 18/39 levels left

rFire   + . .      SeeInvis .   k - staff of fire
rCold   . . .      Faith    .   H - +0 kite shield
rNeg    . . .      Spirit   +   u - +1 swamp dragon scales
rPois   +          Reflect  .   (no helmet)
rElec   .          Harm     .   (no cloak)
rCorr   .          Rampage  .   K - +3 pair of gauntlets of War {Slay+5}
Will    ++...                   D - +2 pair of boots {Fly}
Stlth   +.........              p - amulet of guardian spirit
HPRegen 0.34/turn               o - ring of willpower
MPRegen 0.23/turn               v - ring of wizardry

@: on recite cooldown, flying, lightly drained
A: no striking features
a: Renounce Religion, Recite, Vitalisation, Imprison, Sanctuary, Donate Gold


You were on level 2 of the Swamp.
You worshipped Zin.
Zin was exalted by your worship.
You visited 5 branches of the dungeon, and saw 26 of its levels.
You also visited: Bailey and Ice Cave.

You collected 2893 gold pieces.
You spent 648 gold pieces at shops.
You donated 267 gold pieces to Zin.

Inventory:

Hand Weapons
 e - a +0 flail of holy wrath
 N - the +11 morningstar "Tekau" {freeze, rC- rCorr MP+9}
   (You bought it in a shop on level 2 of the Orcish Mines)

   It freezes those it strikes, dealing additional cold damage.
   It can also slow down cold-blooded creatures.
   rC:        It makes you vulnerable to cold.
   MP:        It affects your magic capacity (+9).
   rCorr:     It protects you from acid and corrosion.
 X - the +8 morningstar of Might {vorpal, rF+ MP+9 SInv}
   (You bought it in a shop on level 14 of the Dungeon)

   It inflicts extra damage upon your enemies.
   rF:        It protects you from fire.
   MP:        It affects your magic capacity (+9).
   SInv:      It lets you see invisible.
Missiles
 b - 37 boomerangs
 Q - 6 atropa-tipped darts
 Z - 2 throwing nets
Armour
 u - +1 swamp dragon scales (worn)
 D - a +2 pair of boots of flying (worn)
 H - a +0 kite shield (worn)
 J - a +0 tower shield of cold resistance
 K - the +3 pair of gauntlets of War (worn) {Slay+5}
   (You acquired it on level 4 of the Lair of Beasts)

   Slay:      It affects your accuracy & damage with ranged weapons and melee
   (+5).
Magical Staves
 k - a staff of fire (weapon)
Jewellery
 f - a ring of magical power
 g - a ring of willpower
 o - a ring of willpower (left hand)
 p - an amulet of guardian spirit (around neck)
 v - a ring of wizardry (right hand)
 x - a ring of resist corrosion
 y - a ring of positive energy
 z - the ring "Cucsief" {rC+ rCorr Slay+3}
   (You found it on level 1 of the Lair of Beasts)

   [ring of resist corrosion]

   Slay:      It affects your accuracy & damage with ranged weapons and melee
   (+3).
   rC:        It protects you from cold.
   rCorr:     It protects you from acid and corrosion.
 F - a ring of protection from cold
 I - a ring of see invisible
 V - a +6 ring of dexterity
Wands
 n - a wand of flame (32)
 t - a wand of digging (3)
 W - a wand of charming (12)
 Y - a wand of iceblast (7)
Scrolls
 a - a scroll of immolation
 d - 7 scrolls of teleportation
 i - 2 scrolls of enchant armour
 l - 4 scrolls of amnesia
 m - a scroll of holy word
 q - a scroll of blinking
 s - 5 scrolls of fog
 A - a scroll of silence
 B - 3 scrolls of enchant weapon
 G - 5 scrolls of identify
 S - 3 scrolls of vulnerability
 T - a scroll of summoning
 U - 2 scrolls of magic mapping
Potions
 c - 2 potions of brilliance
 h - 7 potions of haste
 r - 5 potions of mutation
 w - 3 potions of magic
 C - 3 potions of heal wounds
 E - a potion of might
 L - a potion of ambrosia
 M - 2 potions of resistance
 O - 2 potions of attraction
 P - a potion of invisibility
 R - 2 potions of cancellation
Miscellaneous
 j - a phial of floods


   Skills:
 - Level 9.1 Fighting
 + Level 11.7(12.1) Maces & Flails
 - Level 4.1(7.6) Staves
 - Level 7.5 Armour
 - Level 5.5 Dodging
 - Level 1.5 Stealth
 + Level 10.1 Shields
 - Level 11.4 Spellcasting
 - Level 8.5 Conjurations
 - Level 4.5 Hexes
 - Level 4.8 Summonings
 - Level 1.0 Translocations
 - Level 11.2 Fire Magic
 + Level 15.4 Invocations
 - Level 9.0 Evocations


You had 18 spell levels left.
You knew the following spells:

 Your Spells              Type           Power      Damage    Failure   Level
a - Foxfire               Conj/Fire      100%       2x1d9     1%          1
b - Sticky Flame          Conj/Fire      69%        2d8       1%          4
c - Inner Flame           Hex/Fire       61%        N/A       1%          3
d - Conjure Flame         Conj/Fire      69%        6-21      1%          3
e - Fireball              Conj/Fire      34%        3d14      4%          5
f - Blink                 Tloc           N/A        N/A       9%          2
g - Call Canine Familiar  Summ           32%        N/A       3%          3

Your spell library contained the following spells:

 Spells                   Type           Power      Damage    Failure   Level
 Magic Dart               Conj           100%       1d8       1%          1
 Summon Small Mammal      Summ           100%       N/A       1%          1
 Call Imp                 Summ           32%        N/A       1%          2
 Searing Ray              Conj           94%        3d6       1%          2
 Summon Guardian Golem    Hex/Summ       31%        N/A       3%          3
 Ensorcelled Hibernation  Hex/Ice        42%        N/A       4%          2
 Ignite Poison            Fire/Tmut/Pois 41%        N/A       5%          3
 Fulminant Prism          Conj/Hex       19%        3d11      6%          4
 Mephitic Cloud           Conj/Pois/Air  23%        N/A       8%          3
 Portal Projectile        Hex/Tloc       46%        N/A       9%          3
 Gell's Gravitas          Tloc           8%         N/A       16%         3
 Lesser Beckoning         Tloc           8%         N/A       16%         3
 Teleport Other           Tloc           16%        N/A       16%         3
 Frozen Ramparts          Ice            22%        1d4       24%         3
 Spider Form              Tmut/Pois      5%         N/A       24%         3
 Summon Ice Beast         Ice/Summ       22%        N/A       28%         4
 Summon Mana Viper        Hex/Summ       31%        N/A       32%         5
 Summon Forest            Summ/Tloc      12%        N/A       52%         5
 Ice Form                 Ice/Tmut       11%        N/A       58%         4
 Manifold Assault         Tloc           16%        N/A       78%         5
 Shadow Creatures         Summ           N/A        N/A       85%         6
 Blade Hands              Tmut           5%         N/A       89%         5
 Excruciating Wounds      Necr           5%         N/A       89%         5
 Eringya's Noxious Bog    Tmut/Pois      5%         N/A       100%        6
 Summon Hydra             Summ           16%        N/A       100%        7


Dungeon Overview and Level Annotations

Branches:
Dungeon (15/15)            Temple (1/1) D:6            Lair (6/6) D:8
  Swamp (2/4) Lair:4        Snake (0/4) Lair:4        Slime (0/5) Lair:6
    Orc (2/2) D:9             Elf (0/3) Orc:2        Vaults (0/5) D:13
 Bailey (visited)           IceCv (visited)
 Depths: D:15

Altars:
Ashenzari
Cheibriados
Dithmenos
Elyvilon
Fedhas
Gozag
Hepliaklqana
Kikubaaqudgha
Makhleb
Nemelex Xobeh
Okawaru
Qazlal
Ru
Sif Muna
Trog
Uskayaw
Vehumet
Wu Jian
Xom
Yredelemnul
Zin
The Shining One
Beogh
Jiyva

Shops:
D:2 !   D:7 (   D:9 (   D:10 ?   D:14 (   Orc:2 *((((

Portals:
Trove: D:10 (give +5 fire dragon scales)

Annotations:
D:3 4 runed translucent doors, Crazy Yiuf; Zonian's ghost, amateur VSCj
D:11 1 runed translucent door, Sobieck's ghost, journeyman PaBe
D:14 Roxanne


Message History

The bog body casts a spell at you. The bolt of cold hits you!
The bog body barely misses you.
Unknown command.
You barely miss the bog body.
The bog body is heavily damaged.
The bog body burns! x2; The bog body closely misses you.
The bog body touches you! The bog body freezes you!
* * * LOW HITPOINT WARNING * * *
Unknown command.
You feel much better.
The bog body burns!
The bog body stops glowing.
The bog body burns!
You block the bog body's attack. x2
Unknown command.
You hit the bog body. You burn the bog body.
The bog body is almost destroyed.
The bog body touches you! The bog body freezes you!
* * * LOW HITPOINT WARNING * * *
You block the bog body's attack.
Unknown command.
You hit the bog body. You burn the bog body.
You destroy the bog body!
Zin accepts your kill.
The bog body burns!
Your magical contamination has completely faded away.
You hit the bog body! You burn the bog body.
The bog body is heavily damaged.
The bog body burns!
You hit the bog body.
The bog body is heavily damaged.
The bog body burns!
The bog body stops burning.
The bog body misses you. You block the bog body's attack.
You hit the bog body. You burn the bog body.
The bog body is heavily damaged.
The bog body touches you.
* * * LOW HITPOINT WARNING * * *
The bog body freezes you!!
* * * LOW HITPOINT WARNING * * *
The bog body touches you.
* * * LOW HITPOINT WARNING * * *
The bog body freezes you!!
You die...

♣≈≈≈≈≈♣ ♣≈≈♣♣≈≈≈♣
#.♣♣#≈≈♣ ♣≈...♣♣
≈♣≈≈≈♣♣♣♣♣ #♣
#♣≈♣ ♣≈....♣
≈♣... .. ♣♣♣
♣≈[.#≈####.### #n
♣≈..#.≈#≈≈#≈)# ..
♣≈♣...♣#≈≈#.≈# .#
♣≈♣♣#≈.#nn#(.#≈.#
♣≈♣ ##.####n#####
♣≈♣♣#....##@n≈♣
♣≈..#...≈♣#♣≈♣#
♣≈..#≈≈≈..♣.≈#
♣≈..####≈###.#
♣≈..#≈.#..#..#
♣≈..#≈≈#.≈≈≈≈#
♣≈..#..#♣..≈##
♣≈≈.#.####.♣♣
♣♣≈≈.....[.♣


You could see 2 bog bodies.

Vanquished Creatures
  2 orc warlords
  The ghost of gimp the Basher, a journeyman FoWn of Okawaru (Lair:6)
  2 bunyips (Swamp:2)
  A fire dragon (Lair:6)
  An eleionoma (Swamp:2)
  An ice dragon (IceCv)
  A ghost crab (Swamp:2)
  14 hydras
  8 vault guards (D:13)
  2 centaur warriors
  Erica (D:10)
  A death knight (D:12)
  2 two-headed ogres
  10 death yaks
  3 orc high priests (Orc:2)
  5 alligators
  A deep elf knight (D:14)
  3 tengu warriors
  5 goliath frogs
  2 swamp dragons (Lair:4)
  6 bog bodies
  3 spriggan druids
  Pikel (D:7)
  2 deep elf zephyrmancers (D:14)
  A lindwurm (Lair:6)
  6 orc knights
  A phantasmal warrior (D:12)
  A necromancer (D:15)
  6 deep elf pyromancers
  3 spectral spriggans (Swamp:2)
  4 orc sorcerers (Orc:2)
  20 ugly things
  2 oklob plants
  5 cyclopes
  3 will-o-the-wisps
  15 elephants
  A moth of wrath (Lair:6)
  4 manticores
  15 black mambas
  2 torpor snails
  11 cane toads
  2 molten gargoyles (Lair:6)
  2 ice statues (IceCv)
  An unseen horror (D:8)
  2 gargoyles
  11 rime drakes
  A freezing wraith (D:12)
  13 komodo dragons
  A kobold demonologist (D:13)
  5 trolls
  3 meliai (D:15)
  A polar bear (Lair:1)
  9 hornets
  16 blink frogs
  6 slime creatures
  9 dream sheep
  A meliai zombie (D:10)
  A shadow (D:10)
  13 spriggans
  A tarantella (shapeshifter) (D:15)
  7 wraiths
  A water elemental (D:14)
  6 wyverns
  3 steam dragons
  7 basilisks
  65 yaks
  13 vampire mosquitoes
  2 wargs (Orc:2)
  8 swamp worms
  An acid dragon (D:6)
  Edmund (D:4)
  Duvessa (D:5)
  5 hell hounds (Lair:6)
  30 water moccasins
  4 swamp drakes
  35 orc warriors
  2 necrophages
  A black bear (D:8)
  6 centaurs
  A sky beast (D:4)
  7 ogres
  18 wolves
  Blork the orc (D:4)
  A kobold brigand (D:11)
  A lemure (D:7)
  11 bullfrogs
  4 scorpions
  Dowan (D:5)
  A water moccasin skeleton (D:5)
  6 lindwurm simulacra (IceCv)
  15 killer bees
  5 wights (D:9)
  4 electric eels
  2 howler monkeys (D:7)
  12 centaur zombies
  5 lava snakes (Lair:6)
  A jelly (D:4)
  A bullfrog skeleton (D:6)
  A gnoll shaman (D:6)
  4 komodo dragon simulacra (IceCv)
  13 orc priests
  A centaur skeleton (D:5)
  4 hounds
  7 hell rats (Lair:2)
  4 iguanas
  21 orc wizards
  A howler monkey zombie (D:9)
  A howler monkey skeleton (D:7)
  22 gnolls
  3 acid dragon simulacra (IceCv)
  6 adders
  A white imp (D:8)
  8 steam dragon simulacra (IceCv)
  An adder skeleton (D:4)
  A worm (D:3)
  86 orcs
  8 endoplasms
  8 giant cockroaches
  20 goblins
  29 hobgoblins
  2 jackals (D:4)
  7 quokkas
  4 ball pythons
  7 bats
  A frilled lizard (D:3)
  9 kobolds
  5 rats
856 creatures vanquished.

Vanquished Creatures (collateral kills)
  An alligator (Swamp:1)
  11 foxfires
12 creatures vanquished.

Vanquished Creatures (others)
  3 bloated husks (Swamp:2)
  An orc warrior (Orc:2)
  A centaur (D:11)
  An orc priest (Orc:2)
  An orc wizard (Orc:2)
  2 orcs
  1162 foxfires
  73 fungi
  124 plants
1368 creatures vanquished.

Grand Total: 2236 creatures vanquished

Notes
Turn   | Place    | Note
-------+----------+-------------------------------------------
     0 | D:1      | sizableburger the Hill Orc Fire Elementalist began the
                  | quest for the Orb.
     0 | D:1      | Reached XP level 1. HP: 14/14 MP: 3/3
   222 | D:1      | Found a faded altar of an unknown god.
   349 | D:1      | Reached XP level 2. HP: 8/22 MP: 0/4
   584 | D:1      | Reached skill level 1 in Fighting
  1371 | D:2      | Reached XP level 3. HP: 28/28 MP: 5/5
  1427 | D:2      | Found Bixet's Distillery.
  1432 | D:2      | Reached skill level 1 in Maces & Flails
  2296 | D:3      | Found a runed translucent gate.
  2307 | D:3      | Found a runed translucent gate.
  2307 | D:3      | Found an opulent altar of Gozag.
  2307 | D:3      | Found a runed translucent gate.
  2310 | D:3      | Noticed Zonian's ghost (amateur VSCj)
  2485 | D:3      | Reached XP level 4. HP: 35/35 MP: 2/7
  2489 | D:3      | Reached skill level 1 in Shields
  2857 | D:3      | Found a runed translucent door.
  2858 | D:3      | Noticed Crazy Yiuf
  3431 | D:4      | Noticed a sky beast
  3436 | D:4      | Killed a sky beast
  3437 | D:4      | Reached XP level 5. HP: 40/40 MP: 2/8
  3600 | D:4      | Noticed Edmund
  3631 | D:4      | Killed Edmund
  3632 | D:4      | Reached XP level 6. HP: 36/47 MP: 0/10
  3965 | D:4      | Learned a level 4 spell: Sticky Flame
  4267 | D:4      | Reached skill level 5 in Fire Magic
  4332 | D:4      | Reached XP level 7. HP: 17/52 MP: 4/11
  4841 | D:4      | Noticed Blork the orc
  5152 | D:4      | Killed Blork the orc
  5320 | D:5      | Entered Level 5 of the Dungeon
  5338 | D:5      | Found a sparkling altar of Nemelex Xobeh.
  5493 | D:5      | You fall into a shaft and drop 3 floors!
  6310 | D:5      | Found an iron altar of Okawaru.
  6321 | D:5      | Reached XP level 8. HP: 31/59 MP: 13/13
  6321 | D:5      | Found a bloodstained altar of Trog.
  6507 | D:5      | Noticed Duvessa
  6507 | D:5      | Noticed Dowan
  7256 | D:5      | Killed Duvessa
  7479 | D:5      | Killed Dowan
  7480 | D:5      | Reached skill level 5 in Maces & Flails
  7627 | D:5      | Found a glowing silver altar of Zin.
  7627 | D:5      | Found a faded altar of an unknown god.
  7634 | D:5      | Found a shadowy altar of Dithmenos.
  7636 | D:5      | Found an opulent altar of Gozag.
  7638 | D:5      | Found a hazy altar of Hepliaklqana.
  7648 | D:5      | Became a worshipper of Zin the Law-Giver
  7648 | D:5      | Reached * piety under Zin
  7693 | D:5      | Identified a scroll of acquirement
  7693 | D:5      | Acquired a staff of fire
  7870 | D:6      | Reached skill level 1 in Invocations
  7880 | D:6      | Reached skill level 1 in Staves
  8209 | D:6      | Learned a level 3 spell: Inner Flame
  8230 | D:6      | Reached skill level 2 in Invocations
  8410 | D:6      | Reached skill level 1 in Hexes
  8410 | D:6      | Reached skill level 3 in Invocations
  8512 | D:6      | Found a staircase to the Ecumenical Temple.
  8521 | Temple   | Entered the Ecumenical Temple
  8852 | D:6      | Found a radiant altar of Vehumet.
  8855 | D:6      | Got Vehumet's Guide on Confrontation
  8857 | D:6      | Found an ancient bone altar of Kikubaaqudgha.
  8858 | D:6      | Found a shimmering blue altar of Sif Muna.
  8969 | D:7      | Reached ** piety under Zin
  9131 | D:7      | Noticed Pikel
  9281 | D:7      | Killed Pikel
  9282 | D:7      | Reached skill level 4 in Invocations
  9282 | D:7      | Reached XP level 9. HP: 44/64 MP: 1/15
  9432 | D:7      | Reached skill level 5 in Conjurations
  9440 | D:7      | Learned a level 3 spell: Conjure Flame
  9586 | D:7      | Reached skill level 5 in Invocations
 10106 | D:7      | Found Retaum's Weapon Shop.
 10786 | D:8      | Reached skill level 6 in Invocations
 10848 | D:8      | Found a staircase to the Lair.
 10915 | D:7      | Reached skill level 1 in Evocations
 10915 | D:7      | Reached XP level 10. HP: 24/72 MP: 0/16
 11596 | D:8      | Reached skill level 7 in Invocations
 12796 | Lair:1   | Entered Level 1 of the Lair of Beasts
 12941 | Lair:1   | Noticed a seven-headed hydra
 12955 | Lair:1   | Killed a seven-headed hydra
 12956 | Lair:1   | Reached skill level 1 in Armour
 12957 | Lair:1   | Noticed a black mamba
 13030 | Lair:1   | Identified the ring "Cucsief" {rC+ rCorr Slay+3}
 13068 | Lair:1   | Reached skill level 5 in Spellcasting
 13068 | Lair:1   | Reached skill level 8 in Invocations
 13725 | D:8      | Noticed an unseen horror
 13744 | D:8      | Killed an unseen horror
 14013 | D:8      | HP: 3/72 [poisoned by a killer bee]
 14320 | D:9      | Reached XP level 11. HP: 69/78 MP: 12/18
 14853 | D:9      | Found a staircase to the Orcish Mines.
 15310 | D:9      | Found Xonainenn's Weapon Boutique.
 15329 | Orc:1    | Entered Level 1 of the Orcish Mines
 15532 | Orc:1    | Reached *** piety under Zin
 15650 | Orc:1    | Reached **** piety under Zin
 15776 | Orc:1    | Found a runed translucent door.
 15850 | Orc:1    | Noticed an orc knight
 15857 | Orc:1    | Killed an orc knight
 15858 | Orc:1    | Reached skill level 9 in Invocations
 15880 | Orc:1    | Noticed an orc knight
 15897 | Orc:1    | Killed an orc knight
 15898 | Orc:1    | Reached skill level 5 in Evocations
 16044 | Orc:1    | Found a roughly hewn altar of Beogh.
 16110 | Orc:2    | Entered Level 2 of the Orcish Mines
 16330 | Orc:2    | Found a staircase to the Elven Halls.
 16844 | Orc:2    | Found Daohi's Weapon Emporium.
 16851 | Orc:2    | Learned a level 5 spell: Fireball
 16856 | Orc:2    | Noticed an orc sorcerer
 16862 | Orc:2    | Killed an orc sorcerer
 17345 | Orc:2    | Reached ***** piety under Zin
 17869 | Orc:2    | Noticed an orc warlord
 17872 | Orc:2    | Noticed an orc knight
 18182 | Orc:2    | Killed an orc warlord
 18183 | Orc:2    | Reached skill level 10 in Invocations
 18476 | Orc:2    | Reached skill level 5 in Fighting
 18615 | Orc:2    | Killed an orc knight
 18616 | Orc:2    | Reached XP level 12. HP: 94/94 MP: 12/20
 18730 | Orc:2    | Noticed an orc high priest
 18743 | Orc:2    | Killed an orc high priest
 18866 | Orc:2    | Noticed an orc high priest
 18876 | Orc:2    | Killed an orc high priest
 19680 | Orc:2    | Noticed an orc high priest
 19684 | Orc:2    | Noticed a sun demon
 19692 | Orc:2    | Killed an orc high priest
 19693 | Orc:2    | Reached skill level 11 in Invocations
 19764 | Orc:2    | Reached skill level 10 in Fire Magic
 20198 | Orc:2    | Found Jima's General Store.
 20198 | Orc:2    | Found Ruahoun's Weapon Shop.
 20200 | Orc:2    | Found Jefer's Weapon Emporium.
 20200 | Orc:2    | Found Qinup's Antique Weapon Shop.
 20704 | Lair:1   | Noticed a four-headed hydra
 20724 | Lair:1   | Killed a four-headed hydra
 22223 | Lair:1   | Reached XP level 13. HP: 97/107 MP: 5/22
 22773 | D:8      | Reached skill level 12 in Invocations
 23348 | Lair:2   | Identified the +3 leather armour of Esmatox {Fly}
 24228 | Lair:1   | Learned a level 2 spell: Blink
 25694 | Lair:2   | Reached skill level 1 in Translocations
 25899 | Lair:2   | Learned a level 3 spell: Call Canine Familiar
 26081 | Lair:3   | Reached skill level 1 in Summonings
 27892 | Lair:4   | Found a frozen archway.
 27917 | IceCv    | Entered an ice cave
 28420 | IceCv    | Reached ****** piety under Zin
 29527 | IceCv    | Noticed an ice dragon
 29560 | IceCv    | Killed an ice dragon
 30308 | Lair:4   | Found a staircase to the Snake Pit.
 30339 | Lair:4   | Reached XP level 14. HP: 60/118 MP: 11/25
 31028 | Lair:4   | Found a hide-covered altar of Uskayaw.
 31063 | Lair:4   | Found a transporter.
 31824 | Lair:4   | Reached skill level 5 in Dodging
 32185 | Lair:4   | Acquired the +3 pair of gauntlets of War {Slay+5}
 32186 | Lair:4   | Found the +3 pair of gauntlets of War {Slay+5}
 32362 | Lair:4   | Found a staircase to the Swamp.
 32568 | Lair:4   | Found a transporter.
 33338 | Lair:5   | You are sucked into a shaft and drop 1 floor!
 33338 | Lair:6   | Entered Level 6 of the Lair of Beasts
 34431 | Lair:6   | Reached skill level 5 in Armour
 35444 | Orc:2    | Bought a crystal morningstar for 288 gold pieces
 35444 | Orc:2    | Identified the +11 morningstar "Tekau" {freeze, rC- rCorr
                  | MP+9} (You bought it in a shop on level 2 of the Orcish
                  | Mines)
 36930 | Lair:5   | Reached XP level 15. HP: 84/124 MP: 15/28
 37687 | Lair:6   | Found a transporter.
 37687 | Lair:6   | Found a transporter.
 37870 | Lair:6   | Found a bloodstained altar of Trog.
 37870 | Lair:6   | Noticed gimp's ghost (journeyman FoWn)
 37871 | Lair:6   | Identified the ring of Vophopp {rPois rF+ Str+4 Dex+4}
 38391 | Lair:4   | HP: 2/124 [death yak (20)]
 39149 | Lair:6   | Found a large runed translucent door.
 39151 | Lair:6   | Found a large runed translucent door.
 39561 | Lair:6   | Found a viscous altar of Jiyva.
 39563 | Lair:6   | Found a staircase to the Slime Pits.
 40086 | Lair:6   | Killed gimp's ghost
 42334 | D:10     | Entered Level 10 of the Dungeon
 42334 | D:10     | Found Hiesogesh's Magic Scroll Boutique.
 42510 | D:10     | Found a flagged portal.
 42532 | Bailey   | Entered a bailey
 42804 | Bailey   | Noticed an orc warlord
 42822 | Bailey   | Killed an orc warlord
 43100 | D:10     | Reached skill level 10 in Spellcasting
 43100 | D:10     | Reached XP level 16. HP: 132/132 MP: 28/30
 43101 | D:10     | Reached XP level 17. HP: 137/137 MP: 28/32
 43278 | D:10     | Found a portal to a secret trove of treasure.
 43405 | D:10     | Found a basalt altar of Yredelemnul.
 43439 | D:10     | Reached skill level 5 in Shields
 43569 | D:10     | Found a blossoming altar of Fedhas.
 43849 | D:10     | Noticed Erica
 43858 | D:10     | Killed Erica
 44601 | D:11     | Found a runed translucent door.
 44604 | D:11     | Noticed Sobieck's ghost (journeyman PaBe)
 44605 | D:11     | Identified the +7 trident of the Morning {vorpal, rPois rN+
                  | rCorr}
 46527 | D:13     | Reached skill level 13 in Invocations
 47100 | D:13     | Reached XP level 18. HP: 97/145 MP: 19/33
 47994 | D:13     | Found a gate to the Vaults.
 48593 | D:14     | Found Todaogac's Antique Weapon Shoppe.
 49273 | D:14     | Bought an ichor-stained morningstar for 360 gold pieces
 49273 | D:14     | Identified the +8 morningstar of Might {vorpal, rF+ MP+9
                  | SInv} (You bought it in a shop on level 14 of the Dungeon)
 49542 | D:14     | Noticed Roxanne
 49551 | D:14     | Found a white marble altar of Elyvilon.
 49699 | D:13     | Reached skill level 10 in Maces & Flails
 50133 | D:14     | Reached skill level 14 in Invocations
 51426 | D:15     | Entered Level 15 of the Dungeon
 51499 | D:15     | HP: 6/145 [centaur warrior/arrow (14)]
 52403 | Swamp:1  | Entered Level 1 of the Swamp
 55225 | Swamp:2  | Reached skill level 15 in Invocations
 55745 | Swamp:2  | Was placed under penance by Zin
 57005 | Swamp:2  | Was forgiven by Zin
 57393 | Swamp:2  | Reached skill level 10 in Shields
 57908 | Swamp:2  | HP: 3/144 [bog body (5)]
 57908 | Swamp:2  | Demolished by a bog body

Illustrated notes

Levels and vault maps discovered:
D:1:      lemuel_arrival_lava_pool, layout_loops_cross,
          hellmonk_ecumenical_altar_slurped_away
D:2:      layout_basic, serial_shops, nicolae_shop_behind_doors
D:3:      layout_basic, ebering_ghost_gozag, uniq_crazy_yiuf_cottage
D:4:      layout_loops_cross, uniq_blork_the_orc, uniq_edmund
D:5:      layout_cave_pools, grunt_temple_overflow_bloody_war,
          nemelex_spade_bored_becter, chequers_temple_overflow_minitemple,
          gup_sewer_entry_bubbles, uniq_duvessa
D:6:      layout_cave_pools, grunt_temple_overflow_magic_moments,
          minmay_temple_entry_ruins
D:7:      layout_loops_ring, serial_shops, nicolae_shop_behind_doors, uniq_pikel
D:8:      layout_loops_ring, minmay_lair_entry_grove
D:9:      layout_irregular_city, orc_david_3
D:10:     layout_loops_ring, fedhas_altar_2, nicolae_yredelemnul_corpse_copse,
          enter_trove_2, enter_bailey_4, serial_shops, shop_scrolls, uniq_erica
D:11:     layout_grid_maze, ebering_ghost_funeral_grove
D:12:     layout_irregular_city
D:13:     layout_stronghold, erik_vaults_2
D:14:     layout_long_grid, minmay_misc_feat_alley, serial_shops,
          nicolae_stop_n_shop_2, nicolae_elyvilon_temple_path, uniq_roxanne
D:15:     hangedman_depths_entry_civil_slaughter, layout_layer_cave,
          gammafunk_ghost_berserking_beasts, uniq_rupert
Temple:   eino_wide_crystal_templ
Lair:1:   layout_roguey, chequers_serial_rivers_micro_b, st_stairs_10,
          lemuel_fruit_tree, grunt_megastairs_5
Lair:2:   layout_concentric_octagons, enter_volcano_3, serial_bayou_pond_e,
          minmay_stone_trees_small, serial_bayou_shore_a
Lair:3:   layout_cave_shapes
Lair:4:   gammafunk_cloud_chamber, layout_gridlike,
          nicolae_swamp_entry_splash_gauntlet, minmay_snake_entry_six_corridors,
          portal_ice_cave_entry_pillars_1, basic_altar
Lair:5:   layout_big_grid, grunt_forest_stairs_basic, grunt_megastairs_4
Lair:6:   cheibrodos_lair_end_hotspot, layout_layer_cave, slime_altar_1,
          gammafunk_ghost_wrathful_warriors, guppyfry_lair_drakes
Swamp:1:  nicolae_swamp_tree_isthmus, layout_basic_swamp,
          evilmike_swamp_ruin_rubble_1
Swamp:2:  nicolae_swamp_flooded_prison, layout_basic_swamp,
          evilmike_swamp_ruin_rubble_2, hangedman_swamp_pad, swamp_pool5
Orc:1:    layout_caves, lightli_church_of_beogh
Orc:2:    grunt_orc_tribal_feast, layout_caves, serial_shops, shop

Skill      XL: |  1  2  3  4  5  6  7  8  9 10 11 12 13 14 15 16 17 18 |
---------------+-------------------------------------------------------+-----
Fighting       | 1 5 8 9 |  9.1
Maces & Flails | 1 2 3 4 5 6 7 9 11 | 11.7
Spellcasting   | 2 3 4 5 6 7 9 10 11 | 11.4
Shields        | 2 3 4 6 10 | 10.1
Fire Magic     | 4 5 6 7 9 10 11 | 11.2
Conjurations   | 2 4 5 6 8 |  8.5
Invocations    | 4 6 8 10 11 12 13 15 | 15.4
Staves         | 3 4 |  4.1
Hexes          | 2 4 |  4.5
Evocations     | 1 4 5 7 9 |  9.0
Armour         | 3 6 7 |  7.5
Translocations | 1 |  1.0
Summonings     | 1 4 |  4.8
Dodging        | 4 5 |  5.5
Stealth        | |  1.5

Action                   |  1- 3 |  4- 6 |  7- 9 | 10-12 | 13-15 | 16-18 || total
-------------------------+-------+-------+-------+-------+-------+-------++-------
Melee: Mace              |    20 |    28 |    38 |       |       |       ||    86
       Unarmed           |     1 |       |       |       |       |       ||     1
       Flail             |       |       |    34 |       |    15 |    35 ||    84
       Staff             |       |       |    74 |   226 |   584 |   637 ||  1521
       Morningstar       |       |       |       |       |   101 |    76 ||   177
 Cast: Foxfire           |    69 |    82 |    98 |   187 |   206 |    28 ||   670
       Sticky Flame      |       |       |    24 |    74 |   138 |    72 ||   308
       Inner Flame       |       |       |     9 |    27 |    36 |    20 ||    92
       Conjure Flame     |       |       |     4 |    11 |     4 |       ||    19
       Fireball          |       |       |       |    10 |    21 |    19 ||    50
       Blink             |       |       |       |       |    11 |     2 ||    13
       Call Canine Famil |       |       |       |       |       |     6 ||     6
Invok: Recite            |       |       |     6 |    34 |    15 |    46 ||   101
       Vitalisation      |       |       |     1 |     2 |     6 |     2 ||    11
Evoke: Wand              |       |       |     6 |    31 |    11 |       ||    48
       Phial of floods   |       |       |       |       |       |     1 ||     1
  Use: Potion            |       |     2 |     3 |     4 |     7 |     3 ||    19
       Scroll            |       |     2 |    10 |    13 |    17 |    10 ||    52
 Stab: Sleeping          |       |       |     1 |       |       |       ||     1
       Confused          |       |       |       |     3 |    12 |     8 ||    23
       Invisible         |       |       |       |     3 |     2 |       ||     5
       Paralysed         |       |       |       |     1 |    10 |     8 ||    19
Armor: Robe              |     3 |    14 |    19 |       |       |       ||    36
       Acid dragon scale |       |       |    38 |   112 |    81 |       ||   231
       Swamp dragon scal |       |       |       |       |   276 |   453 ||   729
Dodge: Dodged            |    39 |    36 |   135 |   210 |   522 |   462 ||  1404
Block: Buckler           |       |       |    52 |    94 |   300 |   298 ||   744
       Kite shield       |       |       |       |       |       |    72 ||    72

Table legend: (Time is in decaauts)
 A = Elapsed time spent in this place.
 B = Non-inter-level travel time spent in this place.
 C = Inter-level travel time spent in this place.
 D = Time resting spent in this place.
 E = Time spent auto-exploring this place.
 F = Levels seen in this place.
 G = Mean time per level.
                   A        B        C        D        E       F      G
               +--------+--------+--------+--------+--------+-----+--------+
         Total |  57946 |  55521 |   2425 |  26515 |  19927 |  28 | 2069.5 |
       Dungeon |  26014 |  24819 |   1195 |   9631 |  11421 |  15 | 1734.3 |
        Temple |     73 |     53 |     20 |      0 |     50 |   1 |   73.0 |
          Lair |  20337 |  19375 |    962 |  10732 |   5429 |   6 | 3389.5 |
         Swamp |   3753 |   3736 |     17 |   1754 |   1357 |   2 | 1876.5 |
  Orcish Mines |   5056 |   4825 |    231 |   2908 |   1064 |   2 | 2528.0 |
        Bailey |    556 |    556 |      0 |    111 |    207 |   1 |  556.0 |
      Ice Cave |   2155 |   2155 |      0 |   1378 |    399 |   1 | 2155.0 |
               +--------+--------+--------+--------+--------+-----+--------+

Top non-repeatable levels by time:
  Lair:4: 6126 daAuts
  Lair:6: 5355 daAuts
     D:8: 4144 daAuts
    D:13: 3469 daAuts
   Orc:2: 3277 daAuts
  Lair:2: 3047 daAuts
  Lair:1: 2669 daAuts
 Swamp:2: 2598 daAuts
     D:4: 2593 daAuts
   IceCv: 2155 daAuts
  Lair:5: 1977 daAuts
     D:7: 1926 daAuts
   Orc:1: 1778 daAuts
     D:9: 1777 daAuts
    D:14: 1511 daAuts
